 Dungeon Crawl Stone Soup version 0.28.0-49-g6dfe1f597d (webtiles) character file.

Game seed: 15314029590782702940

3707 Exodus22XD the Cleaver (level 9, -2/79 HPs)
             Began as a Minotaur Fighter on May 19, 2022.
             Was a Priest of the Shining One.
             Slain by a yak (6 damage)
             ... on level 7 of the Dungeon.
             The game lasted 00:08:28 (7484 turns).

Exodus22XD the Cleaver (Minotaur Fighter)           Turns: 7484, Time: 00:08:29

Health: -2/79      AC: 20    Str: 26    XL:     9   Next: 91%
Magic:  12/12      EV:  7    Int:  5    God:    the Shining One [***...]
Gold:   185        SH:  5    Dex:  9    Spells: 8/8 levels left

rFire   . . .      SeeInvis .   B - +0 broad axe (protect)
rCold   + . .      Faith    .   c - +0 buckler
rNeg    + . .      Spirit   .   z - +0 plate armour
rPois   .          Reflect  .   (helmet restricted)
rElec   .          Harm     .   (no cloak)
rCorr   .          Rampage  .   (no gloves)
Will    .....                   (no boots)
Stlth   ..........              (no amulet)
HPRegen 0.23/turn               p - ring of protection from cold
MPRegen 0.13/turn               (no ring)

@: under a protective aura, glowing, studying Fire Magic
A: horns 2, retaliatory headbutt
a: Renounce Religion, Divine Shield, Cleansing Flame


You were on level 7 of the Dungeon.
You worshipped the Shining One.
The Shining One was most pleased with you.
You visited 1 branch of the dungeon, and saw 8 of its levels.

You collected 301 gold pieces.
You spent 116 gold pieces at shops.

Inventory:

Hand Weapons
 y - a +1 flail of holy wrath
 A - a +1 hand axe of electrocution
 B - a +0 broad axe of protection (weapon)
Armour
 c - a +0 buckler (worn)
 z - a +0 plate armour (worn)
Jewellery
 b - a ring of positive energy
 p - a ring of protection from cold (left hand)
Wands
 s - a wand of iceblast (13)
 x - a wand of flame (7)
 D - a wand of charming (7)
Scrolls
 a - a scroll of identify
 e - 3 scrolls of fear
 f - 2 scrolls of enchant armour
 k - 4 scrolls of teleportation
 l - 3 scrolls of fog
 m - a scroll of blinking
 o - a scroll of magic mapping
 q - a scroll of enchant weapon {unknown}
 r - a scroll of immolation
 v - a scroll of summoning {unknown}
 E - a scroll of amnesia {unknown}
Potions
 d - 2 potions of might
 g - a potion of haste {unknown}
 h - a potion of curing {unknown}
 i - 2 potions of mutation
 j - 4 potions of lignification
 n - a potion of brilliance {unknown}
 t - a potion of degeneration {unknown}
 u - 2 potions of flight {unknown}
 w - a potion of invisibility {unknown}
 C - a potion of cancellation {unknown}
 F - a potion of heal wounds {unknown}


   Skills:
 + Level 7.0 Fighting
 + Level 11.4 Axes
 + Level 8.3 Armour
 + Level 5.6 Shields
 * Level 5.9 Invocations


You had 8 spell levels left.
You didn't know any spells.
Your spell library contained the following spells:

 Spells                   Type           Power      Damage    Failure   Level
 Call Canine Familiar     Summ           0%         N/A       100%        3
 Portal Projectile        Hex/Tloc       0%         N/A       100%        3
 Leda's Liquefaction      Hex/Erth       0%         N/A       100%        4


Dungeon Overview and Level Annotations

Branches:
Dungeon (8/15)             Temple (0/1) D:5
   Lair: D:8-11

Altars:
Fedhas
Vehumet
Xom
The Shining One

Shops:
D:3 :   D:6 *

Annotations:
D:5 3 runed translucent doors, Atelerd's ghost, novice OpEE
D:6 2 transporters
D:7 1 runed translucent door


Innate Abilities, Weirdness & Mutations

You have a pair of horns on your head.
You reflexively headbutt those who attack you in melee.


Message History

Activating: Cleansing Flame (36% risk of failure)
Press: ? - help, Dir - look around, f - activate
Okay, then.
You fail to use your ability.
You block the yak's attack. The yak barely misses you.
The orc priest begins to cast a cantrip, but forgets the words!
The yak gores you.
You completely miss the yak.
The yak is lightly wounded.
You hit the yak. You completely miss the yak. The yak gores you.
The yak gores you but does no damage.
The orc priest hits you from afar with a +0 trident.
The yak gores you.
* * * LOW HITPOINT WARNING * * *
Okay, then.
The yak barely misses you.
The orc priest looks satisfied for a moment.
The orc priest calls down the wrath of Beogh upon you.
Beogh smites you!
* * * LOW HITPOINT WARNING * * *
There is a stone staircase leading up here.
The yak gores you but does no damage.
You climb upwards.
Level annotation: 1 runed translucent door
There is a stone staircase leading down here.
You hit the yak.
Your weapon exudes an aura of protection.
The yak is lightly wounded.
The yak gores you but does no damage.
You slash the yak! You headbutt the yak.
The yak is heavily wounded.
The yak gores you but does no damage.
You hit the yak. You headbutt the yak, but do no damage.
The yak is severely wounded.
The yak gores you!
* * * LOW HITPOINT WARNING * * *
You hit the yak.
The yak is severely wounded.
The yak gores you.
You die...

#...............#.............
#####..#......................
##..#....................##
#.............#.........## ###
###...........#..........#
##.###.......##....#.........<##
##...#..#.....###...............#
#......##..##>###Y......##.....##
#......###..#.##@.....#.:#.###.##
##.....###....###)).....##.##....
##...........###.[.........###..
#.........##.[.#........#...#...
#........#..#.....>....####......
###.#..###........##...# #......
###### #......#####.## #######
##.##### ### # ### #


You could see a yak.

Vanquished Creatures
  Pikel (D:6)
  Sigmund (D:2)
  Eustachio (D:4)
  3 yaks (D:8)
  Edmund (D:6)
  3 water moccasins
  A black bear (D:2)
  A hornet zombie (D:7)
  An orc warrior (D:6)
  3 sky beasts
  An ice beast (D:8)
  An ogre (D:4)
  3 centaurs
  A lemure (D:6)
  A phantom (D:7)
  3 bullfrogs
  A water moccasin zombie (D:7)
  A water moccasin skeleton (D:6)
  2 centaur zombies (D:6)
  A bullfrog zombie (D:6)
  A hound (D:7)
  3 orc priests (D:6)
  A jelly (D:7)
  2 bullfrog skeletons
  3 centaur skeletons (D:7)
  Jessica (D:2)
  A gnoll shaman (D:7)
  2 iguanas
  2 orc wizards
  8 gnolls
  5 adders
  A shadow imp (D:5)
  An ufetubus (D:7)
  4 worms
  A dart slug (D:2)
  18 orcs
  7 ball pythons
  3 endoplasms
  5 giant cockroaches
  6 goblins
  10 hobgoblins
  7 jackals
  9 kobolds
  6 quokkas
  3 bats
  2 frilled lizards (D:3)
  8 rats
151 creatures vanquished.

Notes
Turn   | Place    | Note
-------+----------+-------------------------------------------
     0 | D:1      | Exodus22XD the Minotaur Fighter began the quest for the
                  | Orb.
     0 | D:1      | Reached XP level 1. HP: 19/19 MP: 0/0
   155 | D:1      | Reached XP level 2. HP: 27/27 MP: 1/1
   727 | D:1      | Found a faded altar of an unknown god.
   743 | D:1      | Prayed at the altar of an unknown god.
   743 | D:1      | Became a worshipper of the Shining One
   743 | D:1      | Reached * piety under the Shining One
  1092 | D:2      | Noticed Sigmund
  1103 | D:2      | Killed Sigmund
  1104 | D:2      | Reached skill level 4 in Axes
  1104 | D:2      | Reached skill level 1 in Invocations
  1104 | D:2      | Reached XP level 3. HP: 7/34 MP: 1/3
  1104 | D:2      | Reached XP level 4. HP: 8/41 MP: 1/4
  1104 | D:2      | Reached XP level 5. HP: 9/47 MP: 1/5
  1417 | D:2      | Reached skill level 5 in Armour
  1678 | D:2      | Noticed Jessica
  1692 | D:2      | Killed Jessica
  1710 | D:2      | Noticed a black bear
  1721 | D:2      | Killed a black bear
  1722 | D:2      | Reached skill level 5 in Axes
  1722 | D:2      | Reached XP level 6. HP: 29/53 MP: 3/6
  2301 | D:3      | Found Gatoxzi's Book Shop.
  3296 | D:4      | Noticed Eustachio
  3480 | D:4      | Killed Eustachio
  3481 | D:4      | Reached skill level 6 in Axes
  3481 | D:4      | Reached XP level 7. HP: 22/60 MP: 7/7
  4086 | D:5      | Entered Level 5 of the Dungeon
  4128 | D:5      | Found a runed translucent gate.
  4130 | D:5      | Found a runed translucent gate.
  4131 | D:5      | Found a runed translucent gate.
  4132 | D:5      | Noticed Atelerd's ghost (novice OpEE)
  4159 | D:5      | Reached skill level 5 in Fighting
  4164 | D:5      | Found a staircase to the Ecumenical Temple.
  4348 | D:5      | Found a radiant altar of Vehumet.
  4580 | D:5      | Noticed a two-headed ogre
  4580 | D:5      | Reached ** piety under the Shining One
  4682 | D:5      | Reached skill level 7 in Axes
  4976 | D:6      | Noticed Edmund
  4988 | D:6      | Killed Edmund
  4989 | D:6      | Reached XP level 8. HP: 33/69 MP: 5/9
  5245 | D:6      | Reached skill level 8 in Axes
  5245 | D:6      | Reached skill level 5 in Shields
  5436 | D:6      | Found a transporter.
  5453 | D:6      | Found a transporter.
  5494 | D:6      | Found a shimmering altar of Xom.
  5784 | D:6      | Noticed Pikel
  5798 | D:6      | Killed Pikel
  5799 | D:6      | Reached skill level 9 in Axes
  6067 | D:6      | Found Binar's Assorted Antiques.
  6072 | D:6      | Bought a broad axe for 116 gold pieces
  6089 | D:6      | Reached XP level 9. HP: 75/75 MP: 11/11
  6364 | D:7      | Found a runed translucent door.
  6383 | D:7      | Reached skill level 5 in Invocations
  6426 | D:7      | Reached skill level 10 in Axes
  6692 | D:7      | Reached *** piety under the Shining One
  6807 | D:7      | Found a blossoming altar of Fedhas.
  7336 | D:8      | Reached skill level 11 in Axes
  7484 | D:7      | Slain by a yak

Illustrated notes

Levels and vault maps discovered:
D:1:      dpeg_arrival_windows_large_door, layout_basic,
          ebering_ecumenical_altar_box
D:2:      layout_loops_corners, kennysheep_generic_room_3, uniq_sigmund,
          uniq_jessica
D:3:      layout_basic, serial_shops, nicolae_shop_hallway_stairs
D:4:      layout_rooms, uniq_eustachio
D:5:      layout_basic, nicolae_overflow_hidden_temple,
          minmay_temple_entry_stoned_glass, gammafunk_ghost_split
D:6:      gammafunk_steamed_eel, layout_gridville, lemuel_tele_altar,
          serial_shops, kennysheep_little_box, mrwooster_statue_mirror,
          minmay_manual_mares, uniq_pikel, uniq_edmund
D:7:      layout_cave_pools, mainiacjoe_overflow_boulevard,
          lightli_church_of_beogh
D:8:      layout_gridville, amethyst_overflow_temple_binary

Skill      XL: |  1  2  3  4  5  6  7  8  9 |
---------------+----------------------------+-----
Fighting       | 4 5 6 7 |  7.0
Armour         | 4 5 6 7 8 |  8.3
Shields        | 4 5 |  5.6
Axes           | 4 5 6 7 9 11 | 11.4
Invocations    | 1 2 3 4 5 |  5.9

Action                   |  1- 3 |  4- 6 |  7- 9 || total
-------------------------+-------+-------+-------++-------
Melee: War axe           |    60 |    85 |   105 ||   250
       Headbutt          |     3 |    12 |    62 ||    77
       Broad axe         |       |       |    99 ||    99
Invok: Divine Shield     |       |     1 |     1 ||     2
  Use: Scroll            |       |       |    12 ||    12
Armor: Scale mail        |    28 |    52 |    28 ||   108
       Plate armour      |       |       |    85 ||    85
Dodge: Dodged            |    30 |    36 |    74 ||   140
Block: Buckler           |    15 |    24 |    65 ||   104
